 Dungeon Crawl Stone Soup version 0.29.1-1-gd02db6906a (webtiles) character file.

Game seed: 11133854572772535816

174 LustLizard the Slasher (level 5, 0/41 HPs)
             Began as a Human Gladiator on Oct 21, 2022.
             Slain by a quokka (1 damage)
             ... on level 4 of the Dungeon.
             The game lasted 00:04:29 (2984 turns).

LustLizard the Slasher (Human Gladiator)            Turns: 2984, Time: 00:04:30

Health: 0/41       AC:  8    Str: 15    XL:     5   Next: 84%
Magic:  5/5        EV: 10    Int:  8    God:
Gold:   155        SH:  0    Dex: 16    Spells: 4/4 levels left

rFire   . . .      SeeInvis .   a - +0 long sword
rCold   . . .      Faith    .   (no shield)
rNeg    . . .      Spirit   .   y - +0 scale mail
rPois   .          Reflect  .   c - +0 helmet
rElec   .          Harm     .   (no cloak)
rCorr   .          Rampage  .   l - +0 pair of gloves
Will    .....                   (no boots)
Stlth   ..........              (no amulet)
HPRegen 0.13/turn               (no ring)
MPRegen 0.09/turn               (no ring)

@: attractive
A: no striking features
a: no special abilities


You were on level 4 of the Dungeon.
You visited 1 branch of the dungeon, and saw 4 of its levels.

You collected 155 gold pieces.

Inventory:

Hand Weapons
 a - a +0 long sword (weapon)
Missiles
 d - 4 throwing nets
 e - a javelin
 k - 45 stones (quivered)
 o - 3 poisoned darts
Armour
 b - a +0 leather armour
 c - a +0 helmet (worn)
 l - a +0 pair of gloves (worn)
 q - a +0 ring mail
 y - a +0 scale mail (worn)
Scrolls
 f - a scroll of brand weapon {unknown}
 j - 2 scrolls of identify {unknown}
 n - 2 scrolls of butterflies {unknown}
 s - a scroll of acquirement {unknown}
 t - a scroll of poison {unknown}
 u - a scroll of blinking {unknown}
 v - a scroll of magic mapping {unknown}
 w - a scroll of enchant weapon {unknown}
 x - a scroll of torment {unknown}
 z - a scroll of teleportation {unknown}
 A - 2 scrolls of immolation
 C - a scroll of noise {unknown}
Potions
 g - a potion of magic {unknown}
 h - a potion of mutation {unknown}
 i - a potion of flight {unknown}
 m - a potion of attraction
 p - 3 potions of curing {unknown}
 r - a potion of might {unknown}
 B - a potion of haste


   Skills:
 + Level 3.0 Fighting
 * Level 4.4 Long Blades
 * Level 3.8 Throwing
 - Level 3.0 Dodging


You had 4 spell levels left.
You didn't know any spells.
Your spell library contained the following spells:

 Spells                   Type           Power      Damage    Failure   Level
 Sublimation of Blood     Necr           0%         N/A       95%         2
 Wereblood                Tmut           0%         N/A       95%         2
 Summon Hydra             Summ           0%         N/A       100%        7


Dungeon Overview and Level Annotations

Branches:
Dungeon (4/15)
 Temple: D:4-7

Altars:
Dithmenos
Hepliaklqana
Yredelemnul

Annotations:
D:3 1 transporter, TheGhostDragon952's ghost, amateur MeEE
D:4 Ijyb


Message History

You hit the orc.
The orc is severely wounded.
The quokka bites you.
* * * LOW HITPOINT WARNING * * *
The orc misses you. The orc hits you but does no damage. x2
You hit the orc.
The orc is almost dead.
The quokka bites you.
* * * LOW HITPOINT WARNING * * *
The orc hits you but does no damage. The orc barely misses you.
The orc hits you but does no damage. The quokka closely misses you.
You closely miss the orc.
The orc is almost dead.
The orc hits you but does no damage. x2
Ijyb screams, "I dance on your bones!"
The orc priest casts a cantrip, but nothing happens.
The orc barely misses you. The quokka bites you.
* * * LOW HITPOINT WARNING * * *
You barely miss the orc.
The orc is almost dead.
The orc barely misses you. The orc hits you but does no damage.
The orc closely misses you.
The quokka bites you but does no damage.
You barely miss the orc.
The orc is almost dead.
The orc closely misses you. The orc hits you with a +0 club.
* * * LOW HITPOINT WARNING * * *
The quokka closely misses you. The orc barely misses you.
The orc hits you but does no damage. The orc hits you with a +0 club.
* * * LOW HITPOINT WARNING * * *
The quokka twitches its whiskers.
The quokka bites you.
* * * LOW HITPOINT WARNING * * *
The orc misses you.
Okay, then.
Okay, then.
It was a potion of attraction.
You feel attractive to monsters. The quokka bites you.
You die...

.##.g...#
.......# .......#
..<...# .o....#
.. ######.....#
..##.o@##.....#
.......oroo.....#
........g.!.....#
#..##..........#
#..##..........#
##..............#
................#
................#
#..##..........#


You could see Ijyb, an orc priest, 3 orcs and a quokka.

Vanquished Creatures
  A hound (D:4)
  4 gnolls (D:2)
  3 adders (D:2)
  A worm (D:2)
  2 dart slugs (D:2)
  3 orcs
  7 ball pythons
  9 endoplasms
  3 giant cockroaches
  6 goblins
  5 hobgoblins
  4 quokkas
  6 bats
  4 frilled lizards
  4 kobolds
  9 rats
71 creatures vanquished.

Vanquished Creatures (others)
  14 plants (D:2)
14 creatures vanquished.

Grand Total: 85 creatures vanquished

Notes
Turn   | Place    | Note
-------+----------+-------------------------------------------
     0 | D:1      | LustLizard the Human Gladiator began the quest for the Orb.
     0 | D:1      | Reached XP level 1. HP: 16/16 MP: 1/1
   222 | D:1      | Reached XP level 2. HP: 18/22 MP: 2/2
   690 | D:1      | Reached XP level 3. HP: 27/27 MP: 3/3
  1248 | D:2      | Reached XP level 4. HP: 34/34 MP: 4/4
  1708 | D:2      | Found a shadowy altar of Dithmenos.
  1904 | D:2      | Reached skill level 4 in Long Blades
  1993 | D:2      | Reached XP level 5. HP: 39/39 MP: 5/5
  2355 | D:3      | Found a faded altar of an unknown god.
  2386 | D:3      | Found a hazy altar of Hepliaklqana.
  2387 | D:3      | Found a shadowy altar of Dithmenos.
  2387 | D:3      | Noticed a shadow
  2484 | D:3      | Found a basalt altar of Yredelemnul.
  2672 | D:3      | Found a transporter.
  2675 | D:3      | Noticed an ogre
  2675 | D:3      | Noticed TheGhostDragon952's ghost (amateur MeEE)
  2966 | D:4      | Noticed Ijyb
  2983 | D:4      | HP: 2/41 [orc/+0 club (1)]
  2984 | D:4      | Slain by a quokka

Illustrated notes

Levels and vault maps discovered:
D:1:      minmay_arrival_radiant_lines, layout_rooms, serial_curves,
          eino_curves_01, eino_curves_04
D:2:      layout_basic, basic_altar, hangedman_glass_teeth,
          nicolae_grassy_gnolls
D:3:      layout_loops_ring, riverfiend_overflow_shadow_ancestor,
          mainiacjoe_overflow_alcove_1, gammafunk_ghost_smash,
          hellmonk_ecumenical_altar_blasted
D:4:      layout_gridville, lemuel_tele_altar, uniq_ijyb, uniq_sigmund

Skill      XL: |  1  2  3  4  5 |
---------------+----------------+-----
Throwing       | 3 |  3.8
Long Blades    | 4 |  4.4
Fighting       | 3 |  3.0
Dodging        | |  3.0

Action                   |  1- 3 |  4- 6 || total
-------------------------+-------+-------++-------
Melee: Long sword        |    89 |   105 ||   194
       Punch             |     2 |     1 ||     3
Throw: Dart              |       |     3 ||     3
       Javelin           |       |     1 ||     1
       Stone             |       |     1 ||     1
  Use: Potion            |       |     2 ||     2
Armor: Leather armour    |    22 |       ||    22
       Ring mail         |    16 |    16 ||    32
       Scale mail        |       |    33 ||    33
Dodge: Dodged            |    45 |    72 ||   117
